 Dungeon Crawl Stone Soup version 0.22.1-6-g1668fe2 (webtiles) character file.

142 Fang the Skirmisher (level 5, -5/33 HPs)
             Began as a Gargoyle Berserker on Feb 7, 2019.
             Was a Believer of Trog.
             Killed by nerve-wracking pain
             ... invoked by an orc priest
              (6 damage)
             ... on level 3 of the Dungeon.
             The game lasted 00:02:30 (2063 turns).

Fang the Skirmisher (Gargoyle Berserker)            Turns: 2063, Time: 00:02:31

Health: -5/33      AC:  9    Str: 25    XL:     5   Next: 24%
Magic:  5/5        EV: 12    Int:  7    God:    Trog [**....]
Gold:   134        SH:  0    Dex:  9    Spells: 4/4 levels left

rFire    . . .     SeeInvis .   a - +0 hand axe
rCold    . . .     Gourm    .   (no shield)
rNeg     + . .     Faith    .   b - +0 animal skin
rPois    ∞         Spirit   .   (no helmet)
rElec    +         Reflect  .   (no cloak)
rCorr    .         Harm     .   i - +2 pair of gloves {Str+3}
MR       .....                  (no boots)
Stlth    +.........             (no amulet)
HPRegen  0.11/turn              (no ring)
MPRegen  0.09/turn              (no ring)

@: no status effects
A: negative energy resistance 1, electricity resistance, unbreathing,
petrification resistance, rot immunity, AC +4
a: Berserk, Trog's Hand, Renounce Religion


You were on level 3 of the Dungeon.
You worshipped Trog.
Trog was pleased with you.
You were not hungry.

You visited 1 branch of the dungeon, and saw 3 of its levels.

You collected 134 gold pieces.

Inventory:

Hand Weapons
 a - a +0 hand axe (weapon)
Armour
 b - a +0 animal skin (worn)
 i - a +2 pair of gloves of strength (worn)
Jewellery
 e - an uncursed ring of protection from cold {unknown}
Scrolls
 g - a scroll of remove curse {unknown}
 h - a scroll of magic mapping {unknown}
 m - a scroll of teleportation {unknown}
 n - a scroll of amnesia {unknown}
 q - a scroll of immolation {unknown}
Potions
 f - a potion of curing {unknown}
 j - a potion of cancellation {unknown}
 k - 2 potions of heal wounds {unknown}
 l - a potion of might {unknown}
 o - a potion of haste {unknown}
 p - a potion of degeneration {unknown}
Comestibles
 c - 7 rations


   Skills:
 + Level 4.2 Fighting
 + Level 3.4 Axes
 + Level 3.3 Armour
 + Level 2.5 Dodging


You had 4 spell levels left.
You didn't know any spells.
Your spell library was empty.

Dungeon Overview and Level Annotations

Branches:
Dungeon (3/15)

Altars:
Ashenzari
Dithmenos
Fedhas
Makhleb

Annotations:
D:3 Sigmund


Innate Abilities, Weirdness & Mutations

You are resistant to torment.
Your stone body is resilient. (AC +4)
You are immune to poison.
You resist negative energy. (rN+)
You are resistant to electric shocks. (rElec)
You can survive without breathing.
You are immune to petrification.
You are immune to rotting.


Message History

You are too injured to fight recklessly!
You are too injured to fight recklessly!
You are too injured to fight recklessly!
You are too injured to fight recklessly!
You barely miss the orc priest.
The orc priest is lightly wounded.
The orc priest hits you with a flail!
* * * LOW HITPOINT WARNING * * *
You hit the orc priest but do no damage.
The orc priest is lightly wounded.
The orc priest hits you but does no damage.
You hit the orc priest.
The orc priest is heavily wounded.
The orc priest hits you with a flail.
* * * LOW HITPOINT WARNING * * *
You hit the orc priest.
The orc priest is heavily wounded.
The orc priest mumbles some strange prayers to Beogh against you.
Pain shoots through your body!
You die...

# ...# # #..# # ### #..# # #
##.## #..# #
###.#.##########).# ##
##.###.........?.> ##. #.##
##.####.# #o##############.#
.## ##.# #.# #@).............##
#.## ##.## #.#
##.......#####.#.#
##.###...###.####.##.#..# #.#..
###.#.#........##.##.#..##
#.#.#
###...#.(###.#>[.........#
###.# #........#
#.#.##.##.#...# #.. #.#...##.#
#.#...........#### ..#
#.##.###.# #.#.##...........#
.#.
#.##)....###.#.###...##..#.##.#
.


You could see an orc priest.

Vanquished Creatures
  An orc priest (D:3)
  3 adders
  An ooze (D:3)
  An adder skeleton (D:3)
  An adder zombie (D:3)
  2 worms (D:3)
  A dart slug (D:1)
  2 leopard geckos
  6 orcs (D:3)
  5 bats
  2 giant cockroaches
  9 goblins
  4 hobgoblins
  4 quokkas
  6 frilled lizards
  6 kobolds
  7 rats
  3 toadstools (D:1)
64 creatures vanquished.

Vanquished Creatures (others)
  A toadstool (D:1)
1 creature vanquished.

Grand Total: 65 creatures vanquished

Notes
Turn   | Place    | Note
-------+----------+-------------------------------------------
     0 | D:1      | Fang the Gargoyle Berserker began the quest for the Orb.
     0 | D:1      | Reached XP level 1. HP: 14/14 MP: 1/1
   361 | D:1      | Reached XP level 2. HP: 15/19 MP: 2/2
   977 | D:2      | Reached XP level 3. HP: 23/23 MP: 3/3
  1112 | D:2      | Reached ** piety under Trog
  1163 | D:2      | Found a burning altar of Makhleb.
  1165 | D:2      | Found a blossoming altar of Fedhas.
  1186 | D:2      | Found a shattered altar of Ashenzari.
  1328 | D:3      | Reached XP level 4. HP: 26/29 MP: 4/4
  1404 | D:3      | Reached skill level 4 in Fighting
  1482 | D:3      | Found a shadowy altar of Dithmenos.
  1653 | D:3      | Reached XP level 5. HP: 27/33 MP: 5/5
  1738 | D:3      | Noticed Sigmund
  2062 | D:3      | HP: 1/33 [orc priest/flail (4)]
  2063 | D:3      | Killed from afar by an orc priest

Skill      XL: |  1  2  3  4 |
---------------+-------------+-----
Dodging        | 2 |  2.5
Axes           | 3 |  3.4
Armour         | 3 |  3.3
Fighting       | 4 |  4.2

Action                   |  1- 3 |  4- 6 || total
-------------------------+-------+-------++-------
Melee: Hand axe          |    94 |    91 ||   185
Invok: Berserk           |       |     2 ||     2
  Eat: Chunk             |     1 |     3 ||     4
       Ration            |       |     1 ||     1
Armor: Animal skin       |    35 |    26 ||    61
Dodge: Dodged            |    65 |    71 ||   136
